 Dungeon Crawl Stone Soup version 0.30-a0-424-g7412bad402 (webtiles) character file.

Game seed: 5211548784327056208

1992 zishaf the Zephyrmancer (level 9, 0/57 HPs)
             Began as a Tengu Air Elementalist on Dec 9, 2022.
             Was an Initiate of Ru.
             Slain by a steam dragon (5 damage)
             ... on level 6 of the Dungeon.
             The game lasted 00:13:45 (8249 turns).

zishaf the Zephyrmancer (Tengu Air Elementalist)    Turns: 8249, Time: 00:13:45

Health: 0/57       AC: 12    Str:  9    XL:     9   Next: 21%
Magic:  13/13      EV:  6    Int: 20    God:    Ru [......]
Gold:   409        SH: 21    Dex: 20    Spells: 9/12 levels left

rFire   . . .      SeeInvis .    x - +2 rapier (drain)
rCold   . . .      Faith    .    h - +0 tower shield
rNeg    . . .      Spirit   .    u - +2 scale mail {Will+}
rPois   .          Reflect  +    (helmet restricted)
rElec   .          Harm     .    F - +2 cloak
rCorr   .          Rampage  .    K - +0 pair of gloves
Will    ++...                    (boots unavailable)
Stlth   ..........               o - amulet of reflection
HPRegen 0.29/turn                c - +6 ring of dexterity
MPRegen 0.13/turn                m - ring of willpower

@: flying quickly and evasively, studying Fighting, quick
A: beak, talons 3, no stealth, nimble flight
a: Renounce Religion


You were on level 6 of the Dungeon.
You worshipped Ru.
Ru was noncommittal.
You visited 1 branch of the dungeon, and saw 8 of its levels.
You also visited: Sewer.

You collected 409 gold pieces.

Inventory:

Hand Weapons
 q - a +0 dagger of venom
 x - a +2 rapier of draining (weapon)
Armour
 a - a +0 robe
 h - a +0 tower shield (worn)
 u - a +2 scale mail of willpower (worn)
 w - +0 fire dragon scales
 F - a +2 cloak (worn)
 H - a +0 pair of gloves
 K - a +0 pair of gloves (worn)
Magical Staves
 i - a staff of fire
Jewellery
 c - a +6 ring of dexterity (left hand)
 m - a ring of willpower (right hand)
 o - an amulet of reflection (around neck)
 v - a ring of ice
 G - a ring of wizardry
Wands
 j - a wand of digging (5)
 k - a wand of paralysis (4)
 J - a wand of flame (14)
Scrolls
 e - 7 scrolls of teleportation
 g - 2 scrolls of amnesia
 l - a scroll of poison
 p - a scroll of torment {unknown}
 r - a scroll of fear
 s - 2 scrolls of brand weapon
 y - a scroll of enchant weapon
Potions
 b - 3 potions of magic
 d - a potion of mutation {unknown}
 f - a potion of brilliance {unknown}
 n - a potion of invisibility {unknown}
 t - a potion of attraction {unknown}
 z - 2 potions of resistance
 B - 2 potions of ambrosia
 C - 4 potions of curing
 D - a potion of might
 E - 2 potions of haste {unknown}
 I - a potion of cancellation


   Skills:
 + Level 7.2 Fighting
 - Level 2.1 Dodging
 + Level 6.4 Shields
 - Level 2.0 Spellcasting
 - Level 3.1 Conjurations
 + Level 9.7 Air Magic


You had 9 spell levels left.
You knew the following spells:

 Your Spells              Type           Power      Damage    Failure   Level
a - Shock                 Conj/Air       100%       1d9       67%         1
b - Static Discharge      Conj/Air       54%        2-5/arc   80%         2

Your spell library contained the following spells:

 Spells                   Type           Power      Damage    Failure   Level
 Swiftness                Air            40%        N/A       56%         3
 Airstrike                Air            20%        2d(3-19)  93%         4
 Blade Hands              Tmut           1%         N/A       100%        5
 Irradiate                Conj/Tmut      4%         3d13      100%        5
 Dragon Form              Tmut           1%         N/A       100%        7


Dungeon Overview and Level Annotations

Branches:
Dungeon (8/15)              Sewer (visited)
 Temple: D:4-7         Lair: D:8-11

Altars:
Cheibriados
Dithmenos
Hepliaklqana
Nemelex Xobeh
Ru
Vehumet
Zin
Ignis

Shops:
D:3 (   D:5 *

Annotations:
D:5 Menkaure
D:8 1 transporter


Innate Abilities, Weirdness & Mutations

You have a beak for a mouth.
You have claws for feet.
You cannot be stealthy.
Your magical nature lets you fly swiftly and evasively.


Message History

The steam dragon barely misses you. You block the steam dragon's attack.
You barely miss the steam dragon. Your kick misses the steam dragon.
The steam dragon is heavily wounded.
You are engulfed in a cloud of scalding steam.
You block the steam dragon's attack. x2
You hit the steam dragon.
You claw the steam dragon, but do no damage.
You peck the steam dragon, but do no damage.
The steam dragon is severely wounded.
The fungus is engulfed in a cloud of scalding steam.
The fungus begins to die.
The fungus is engulfed in a cloud of scalding steam.
The fungus begins to die.
The steam dragon bites you but does no damage.
You block the steam dragon's attack.
You hit the steam dragon. Your kick misses the steam dragon.
The steam dragon is lightly wounded.
The steam dragon breathes steam at you.
The ball of steam hits the steam dragon.
The steam dragon resists.
The ball of steam hits you!
You hit the steam dragon but do no damage.
You claw the steam dragon!
The steam dragon is heavily wounded.
You are engulfed in a cloud of scalding steam.
A nearby fungus withers and dies. x2; You block the steam dragon's attack.
The steam dragon claws you but does no damage.
The steam dragon bites you but does no damage.
You block the steam dragon's attack. The steam dragon breathes steam at you.
The ball of steam hits you!
You closely miss the steam dragon. You claw the steam dragon.
The steam dragon is severely wounded.
You are engulfed in a cloud of scalding steam.
* * * LOW HITPOINT WARNING * * *
The steam dragon breathes steam at you. The ball of steam hits you!
* * * LOW HITPOINT WARNING * * *
You block the steam dragon's attack. The steam dragon barely misses you.
You block the steam dragon's attack. The steam dragon claws you.
You die...

# #..P..# #.... # ####..#
#.... #..# #..## ##.# ####
### #.## ###P~## #..# ###
#P.~P.P#######.# ###.~
#~.....~§~..~#######P~.≈
......D@§§§.§...P^P..~~~ #
≈....PD~§..~~...........
###
.~....P#########P.^~..~P
..##
#~P~.P#......#.########P
...### ##≈~P##......#..# ##
.....### #####.......##.#
.......### #..........##.#
###......###........####.##
#####.....#..###### #..#


You could see 2 steam dragons.

Vanquished Creatures
  10 fire elementals
  Eustachio (D:4)
  Duvessa (D:4)
  An ice beast (D:6)
  A sky beast (D:6)
  A black bear (D:6)
  3 ogres
  A centaur (D:5)
  A phantom (D:4)
  A gnoll sergeant (D:4)
  A bullfrog (D:6)
  A wyvern zombie (D:6)
  A necrophage (D:4)
  3 scorpions
  Dowan (D:4)
  A killer bee (D:5)
  3 hounds (D:6)
  A jelly (D:5)
  An orc priest (D:5)
  A bullfrog skeleton (D:6)
  A centaur skeleton (D:6)
  3 iguanas
  Ijyb (D:5)
  A hell rat (Sewer)
  A howler monkey zombie (D:6)
  3 gnolls (D:5)
  9 adders
  2 white imps (D:6)
  An ufetubus (D:6)
  2 worms (D:2)
  5 dart slugs
  12 orcs
  6 endoplasms
  4 giant cockroaches
  5 goblins
  3 hobgoblins
  6 jackals
  6 kobolds
  4 quokkas
  5 ball pythons
  5 bats
  2 frilled lizards (D:2)
  12 rats
134 creatures vanquished.

Vanquished Creatures (others)
  63 foxfires (D:4)
  2 fungi (D:6)
  8 withered plants (D:6)
73 creatures vanquished.

Grand Total: 207 creatures vanquished

Notes
Turn   | Place    | Note
-------+----------+-------------------------------------------
     0 | D:1      | zishaf the Tengu Air Elementalist began the quest for the
                  | Orb.
     0 | D:1      | Reached XP level 1. HP: 10/10 MP: 4/4
   183 | D:1      | Reached XP level 2. HP: 15/16 MP: 1/6
   462 | D:1      | Found a faded altar of an unknown god.
   536 | D:1      | Prayed at the altar of an unknown god.
   536 | D:1      | Became a worshipper of Ignis, the Dying Flame
   658 | D:1      | Reached skill level 1 in Fighting
   961 | D:2      | Reached XP level 3. HP: 20/20 MP: 1/7
  1061 | D:2      | Noticed a scorpion
  1075 | D:2      | Killed a scorpion
  1076 | D:2      | Reached skill level 1 in Shields
  1076 | D:2      | Reached XP level 4. HP: 7/26 MP: 5/8
  1401 | D:2      | Reached skill level 5 in Air Magic
  1951 | D:2      | You fall into a shaft and drop 2 floors!
  1960 | D:4      | Noticed Eustachio
  1971 | D:4      | Killed Eustachio
  1972 | D:4      | Gained mutation: Your magical nature lets you fly swiftly
                  | and evasively. [Tengu growth]
  1972 | D:4      | Reached XP level 5. HP: 32/32 MP: 9/9
  1972 | D:4      | Reached XP level 6. HP: 36/36 MP: 10/10
  1992 | D:4      | Found a radiant altar of Vehumet.
  2086 | D:4      | Noticed Duvessa
  2092 | D:4      | Noticed Dowan
  2097 | D:4      | Killed Duvessa
  2098 | D:4      | Reached skill level 6 in Air Magic
  2101 | D:4      | Killed Dowan
  2193 | D:4      | Reached XP level 7. HP: 42/42 MP: 11/11
  2215 | D:4      | Found a glowing silver altar of Zin.
  2215 | D:4      | Found a shadowy altar of Dithmenos.
  2216 | D:4      | Found a sparkling altar of Nemelex Xobeh.
  2330 | D:4      | Found a glowing drain.
  2342 | Sewer    | Entered a sewer
  2376 | Sewer    | Reached skill level 7 in Air Magic
  2576 | D:3      | Identified the +0 robe of Pan-Flutes {-Cast rElec rPois
                  | Dex+6}
  2604 | D:3      | Found Nurr's Weapon Shoppe.
  2873 | D:3      | Found a sacrificial altar of Ru.
  3329 | D:3      | Fell from the grace of Ignis
  3329 | D:3      | Became a worshipper of Ru the Awakened
  4217 | D:4      | Found a hazy altar of Hepliaklqana.
  4640 | D:4      | Found a radiant altar of Vehumet.
  4760 | D:4      | Found a shadowy altar of Dithmenos.
  4761 | D:4      | Found a sparkling altar of Nemelex Xobeh.
  4762 | D:4      | Found a glowing silver altar of Zin.
  5309 | D:4      | Found a hazy altar of Hepliaklqana.
  5407 | D:5      | Entered Level 5 of the Dungeon
  5577 | D:5      | Learned a level 2 spell: Static Discharge
  5789 | D:4      | Reached XP level 8. HP: 38/48 MP: 12/12
  5854 | D:5      | Noticed Ijyb
  5855 | D:5      | Paralysed by Ijyb for 3 turns
  5867 | D:5      | Paralysed by Ijyb for 3 turns
  5979 | D:5      | Found Paegy's Assorted Antiques.
  6018 | D:5      | Reached skill level 5 in Fighting
  6026 | D:5      | You are sucked into a shaft and drop 1 floor!
  6165 | D:6      | Reached skill level 8 in Air Magic
  6177 | D:6      | Reached skill level 5 in Shields
  6377 | D:6      | Found a snail-covered altar of Cheibriados.
  6752 | D:6      | Gained mutation: You cannot be stealthy. [Ru sacrifice]
  6851 | D:5      | You are sucked into a shaft and drop 1 floor!
  7138 | D:5      | Paralysed by Ijyb for 4 turns
  7146 | D:5      | Paralysed by Ijyb for 5 turns
  7152 | D:5      | Killed Ijyb
  7226 | D:5      | You are sucked into a shaft and drop 3 floors!
  7226 | D:8      | Found a transporter.
  7294 | D:6      | Reached skill level 9 in Air Magic
  7312 | D:6      | Reached XP level 9. HP: 56/56 MP: 13/13
  7321 | D:6      | Was forgiven by Ignis
  7383 | D:6      | Noticed a two-headed ogre
  7440 | D:6      | Noticed Menkaure
  8249 | D:6      | Slain by a steam dragon

Illustrated notes

Levels and vault maps discovered:
D:1:      dpeg_arrival_refuge, layout_basic, serial_rivers,
          chequers_serial_rivers_micro_d, chequers_serial_rivers_marsh,
          chequers_serial_rivers_marsh, chequers_serial_rivers_micro_b,
          chequers_serial_rivers_small_b, ebering_ecumenical_altar_box,
          chequers_serial_rivers_small_3, patterned_corridor
D:2:      layout_loops_ring
D:3:      layout_basic, mainiacjoe_overflow_cross_hatched, serial_shops,
          shop_statue
D:4:      minmay_bubble_buster, layout_layer_cave,
          nicolae_hepliaklqana_hippocampus, mainiacjoe_overflow_paths,
          chequers_temple_overflow_statue_of_worship, portal_sewer_entry_d,
          uniq_duvessa, uniq_eustachio
D:5:      layout_rooms, serial_shops, kennysheep_mini_moat,
          minmay_manual_mandibuliform, uniq_ijyb
D:6:      kennysheep_steamy, layout_cave_pods, kennysheep_slug_shrine,
          serial_undead, serial_undead_b, serial_undead_f, serial_undead_b,
          serial_undead_f, minmay_misc_feat_five, minmay_circle_x, uniq_menkaure
D:7:      layout_layer_cave, nicolae_gozag_seed_capital,
          minmay_temple_entry_poolview, ebering_ghost_reflecting_pool,
          serial_demonic, serial_demonic_b, serial_demonic_d, serial_demonic_d,
          serial_demonic_e, small_statue_intersection, supply_closet_lemuel,
          chequers_serial_rivers_small_b, uniq_pikel
D:8:      layout_basic, grunt_temple_overflow_bloody_war, serial_nicolae_subway,
          nicolae_sub_station_crystal, nicolae_sub_station_stone,
          nicolae_sub_station_metal, uniq_grum

Skill      XL: |  1  2  3  4  5  6  7  8  9 |
---------------+----------------------------+-----
Conjurations   | 2 3 |  3.1
Fighting       | 1 2 3 4 6 7 |  7.2
Shields        | 1 2 3 4 6 |  6.4
Air Magic      | 5 6 7 9 |  9.7
Stealth        | 0 |  0.0
Dodging        | |  2.1
Spellcasting   | |  2.0

Action                   |  1- 3 |  4- 6 |  7- 9 || total
-------------------------+-------+-------+-------++-------
Melee: Unarmed           |     6 |       |       ||     6
       Kick              |     4 |    21 |    89 ||   114
       Peck              |     2 |     8 |    77 ||    87
       Punch             |     1 |       |       ||     1
       Staff             |     8 |     9 |       ||    17
       Dagger            |       |    39 |       ||    39
       Rapier            |       |    12 |   301 ||   313
 Cast: Shock             |    28 |     3 |     7 ||    38
Invok: Fiery Armour      |     1 |     1 |       ||     2
       Foxfire Swarm     |       |     4 |       ||     4
       Sacrifice Stealth |       |       |     1 ||     1
Evoke: Wand              |       |       |     1 ||     1
  Use: Scroll            |       |       |    22 ||    22
       Potion            |       |       |     6 ||     6
 Stab: Sleeping          |       |     6 |     7 ||    13
       Paralysed         |       |       |     1 ||     1
Armor: Robe              |     4 |    13 |    44 ||    61
       Scale mail        |       |       |    39 ||    39
Dodge: Dodged            |    12 |    11 |    69 ||    92
Block: Tower shield      |       |    58 |   370 ||   428
       Reflection        |       |       |     5 ||     5

Table legend: (Time is in decaauts)
 A = Elapsed time spent in this place.
 B = Non-inter-level travel time spent in this place.
 C = Inter-level travel time spent in this place.
 D = Time resting spent in this place.
 E = Time spent auto-exploring this place.
 F = Levels seen in this place.
 G = Mean time per level.
                   A        B        C        D        E       F      G
               +--------+--------+--------+--------+--------+-----+--------+
         Total |   8040 |   7630 |    410 |   1083 |   4833 |   9 |  893.3 |
       Dungeon |   7935 |   7525 |    410 |   1083 |   4770 |   8 |  991.9 |
         Sewer |    105 |    105 |      0 |      0 |     62 |   1 |  105.0 |
               +--------+--------+--------+--------+--------+-----+--------+

Top non-repeatable levels by time:
     D:4: 2439 daAuts
     D:6: 1548 daAuts
     D:2: 1144 daAuts
     D:5: 1065 daAuts
     D:1: 933 daAuts
     D:3: 764 daAuts
   Sewer: 105 daAuts
     D:8: 32 daAuts
     D:7: 6 daAuts
